 Dungeon Crawl Stone Soup version 0.31-a0-1529-g7bd419a0e5 (webtiles) character file.

Game seed: 7545898439241801726

98 Flugslaktarn the Covered (level 4, 40/40 HPs)
             Began as a Minotaur Fighter on Jan 1, 2024.
             Was a Follower of Dithmenos.
             Quit the game on level 2 of the Dungeon.
             The game lasted 00:00:46 (1589 turns).

Flugslaktarn the Covered (Minotaur Fighter)         Turns: 1589, Time: 00:00:47

Health: 40/40      AC:  7    Str: 23    XL:     4   Next: 44%
Magic:  3/3        EV:  9    Int:  5    God:    Dithmenos [*.....]
Gold:   135        SH:  4    Dex:  9    Spells: 3/3 levels left

rFire   . . .        a - +0 war axe
rCold   . . .        c - +0 buckler
rNeg    . . .        b - +0 scale mail
rPois   .            (helmet restricted)
rElec   .            (no cloak)
rCorr   .            (no gloves)
SInv    .            (no boots)
Will    .....        (no amulet) Stlth
                     (no ring)
HPRegen 0.26/turn    (no ring)
MPRegen 0.08/turn

%: no passive effects
@: wreathed by umbra
A: horns 2, retaliatory headbutt
a: Renounce Religion


You were on level 2 of the Dungeon.
You worshipped Dithmenos.
Dithmenos was aware of your devotion.
You visited 1 branch of the dungeon, and saw 2 of its levels.

You collected 135 gold pieces.

Inventory:

Hand Weapons
 a - a +0 war axe (weapon)
Armour
 b - a +0 scale mail (worn)
 c - a +0 buckler (worn)
Wands
 j - a wand of quicksilver (2)
   (You found it on level 2 of the Dungeon)
Scrolls
 e - a scroll of fog {unknown}
 f - a scroll of poison {unknown}
 g - a scroll of enchant weapon {unknown}
 i - a scroll of identify {unknown}
 k - a scroll of enchant armour {unknown}
Potions
 d - a potion of might
 h - a potion of berserk rage {unknown}
 w - 2 potions of heal wounds


   Skills:
 + Level 4.3 Fighting
 * Level 4.0 Axes
 + Level 4.3 Armour
 + Level 4.2 Shields


You had 3 spell levels left.
You didn't know any spells.
Your spell library was empty.

Dungeon Overview and Level Annotations

Branches:
Dungeon (2/15)

Altars:
Dithmenos


Innate Abilities, Weirdness & Mutations

You have a pair of horns on your head.
You reflexively headbutt those who attack you in melee.


Message History

An endoplasm is nearby!
An endoplasm is nearby!
The endoplasm barely misses you. You furiously retaliate!
You headbutt the endoplasm!
You kill the endoplasm!
Your Axes skill increases to level 4!
No target in view!
No target in view!
No target in view!
No target in view!
No target in view!
Found 4 datura-tipped darts.
No target in view!
You open the door.
Found a gnoll skeleton.
No target in view!
No target in view!
No target in view!
No target in view!
Found a gnoll skeleton.
There is an open door here.
You see here 4 datura-tipped darts.
w - 2 potions of heal wounds (gained 1)
An adder comes into view.
The adder hisses angrily.
An adder is nearby!
You closely miss the adder. The adder barely misses you.
You block the adder's attack.
You closely miss the adder. Your headbutt misses the adder.
The adder bites you.
You closely miss the adder. Your headbutt misses the adder.
The adder barely misses you. You furiously retaliate!
You headbutt the adder! The adder bites you.
You hit the adder.
You kill the adder!
No target in view!
No target in view!
j - a wand of quicksilver (2) No target in view!
Found a stone staircase leading up.
A frilled lizard comes into view.
A frilled lizard is nearby!
The frilled lizard barely misses you. You furiously retaliate!
You headbutt the frilled lizard.
You kill the frilled lizard!
No target in view!
No target in view!
No target in view!
No target in view!
Found a mace.
No target in view!
You see here a +0 mace.
There is a stone staircase leading up here.
k - a scroll labelled DOCAASY FAWO
There is a stone staircase leading down here.
There is an open door here.
As you open the door, it creaks loudly!
Found a faded altar of an unknown god.
No target in view!
No target in view!
No target in view!
No target in view!
There is an open door here.
There is an open door here.
There is an open door here.
You see here 4 datura-tipped darts.
An endoplasm comes into view.
Found a short sword.
The endoplasm quivers.
An endoplasm is nearby!
An endoplasm is nearby!
The endoplasm hits you.
You slash the endoplasm!
You kill the endoplasm!
No target in view!
No target in view!
No target in view!
No target in view!
No target in view!
You see here a +0 short sword.
You open the door.
There is an open door here.
Done exploring.
No target in view!
Done exploring.
Done exploring.
Done exploring.
No target in view!
Search for what [? for help]? alt
There is an open door here.
There is an open door here.
There is a stone staircase leading up here.
There is an open door here.
There is an open door here.
There is a faded altar of an unknown god here.
This altar belongs to (a) Ashenzari, (b) Dithmenos or (c) Lugonu, but you can't tell which.
Press the corresponding letter to learn more about a god, or press enter to convert or escape to cancel.
Dithmenos accepts your prayer! Dithmenos welcomes you!
You are shrouded in an aura of darkness!
Are you sure you want to abandon this character and quit the game? (Confirm with "yes".)

#.#.#..♣♣#.....#♣♣.# #.#.#
#.#.#..♣÷#..8..#÷♣.# #.#.#
#.#.#..♣♣#.....#♣♣.## #.#.#
#......♣P###'###♣♣..#####....
#.#..#.♣♣PP..P..P♣...........
#.#..#.♣♣PPP.P.♣♣♣.....<.....
##.#..#..♣♣♣P.PP♣♣....##......
#.....#...♣♣♣.P♣♣.....##......
#####.#....♣♣@♣♣......##......
#.#.....♣♣♣.......##.##).#
#.#####.....###..###.##... #.#
#######.............
###.######## #.............
#..........# #.............
#.#.######.# #.............
#.#.# #.# #............. #.#.#
#.# ####...###....


There were no monsters in sight!

Vanquished Creatures
  An orc wizard (D:2)
  3 adders (D:2)
  A dart slug (D:1)
  A ribbon worm (D:2)
  4 orcs (D:2)
  3 ball pythons (D:1)
  3 endoplasms (D:2)
  2 giant cockroaches
  2 goblins
  2 hobgoblins
  5 jackals (D:2)
  2 quokkas (D:2)
  A bat (D:1)
  2 frilled lizards
  3 kobolds
  3 rats
38 creatures vanquished.

Notes
Turn   | Place    | Note
-------+----------+-------------------------------------------
     0 | D:1      | Flugslaktarn the Minotaur Fighter began the quest for the
                  | Orb.
     0 | D:1      | Reached XP level 1. HP: 19/19 MP: 0/0
   180 | D:1      | Reached XP level 2. HP: 27/27 MP: 1/1
   673 | D:2      | Reached XP level 3. HP: 33/33 MP: 2/2
   968 | D:2      | Reached XP level 4. HP: 10/40 MP: 3/3
  1388 | D:2      | Found a faded altar of an unknown god.
  1588 | D:2      | Prayed at the altar of an unknown god.
  1588 | D:2      | Became a worshipper of Dithmenos the Shadowed
  1588 | D:2      | Reached * piety under Dithmenos
  1589 | D:2      | Quit the game

Illustrated notes

Levels and vault maps discovered:
D:1:      ncdulo_lavacross, layout_basic
D:2:      layout_basic, dilly_ecumenical_altar_fadedgnrine

Skill      XL: |  1  2  3  4 |
---------------+-------------+-----
Axes           | 3 4 |  4.0
Armour         | 4 |  4.3
Fighting       | 4 |  4.3
Shields        | 4 |  4.2

Action                     |  1- 3 |  4- 6 || total
---------------------------+-------+-------++-------
  Melee: War axe           |   103 |     7 ||   110
         Headbutt          |     7 |     2 ||     9
    Use: Potion            |     1 |       ||     1
 Armour: Scale mail        |    99 |     4 ||   103
  Dodge: Dodged            |    40 |     4 ||    44
  Block: Buckler           |    29 |     1 ||    30

Table legend: (Time is in decaauts)
 A = Elapsed time spent in this place.
 B = Non-inter-level travel time spent in this place.
 C = Inter-level travel time spent in this place.
 D = Time resting spent in this place.
 E = Time spent auto-exploring this place.
 F = Levels seen in this place.
 G = Mean time per level.
                   A        B        C        D        E       F      G
               +--------+--------+--------+--------+--------+-----+--------+
         Total |   1627 |   1539 |     88 |    154 |   1101 |   2 |  813.5 |
       Dungeon |   1627 |   1539 |     88 |    154 |   1101 |   2 |  813.5 |
               +--------+--------+--------+--------+--------+-----+--------+

Top non-repeatable levels by time:
     D:2: 1021 daAuts
     D:1: 606 daAuts
